 Dungeon Sprint DCSS version 0.31-a0-325-g067879e3d3 (webtiles) character file.

Game seed: 6857855247572963762

772 dialectric the Fighter (level 7, 0/54 HPs)
             Began as a Gargoyle Fighter on July 18, 2023.
             Killed from afar by an electric eel (3 damage)
             ... with a bolt of electricity
             ... in the Dungeon (Sprint II: "The Violet Keep of Menkaure").
             The game lasted 00:01:12 (122 turns).

dialectric the Fighter (Gargoyle Fighter)            Turns: 122, Time: 00:01:13

Health: 0/54       AC: 13    Str: 20    XL:     7   Next: 83%
Magic:  7/7        EV: 10    Int:  8    God:
Gold:   729        SH:  0    Dex: 11    Spells: 6/6 levels left

rFire   . . .        a - +0 flail
rCold   . . .        (no shield)
rNeg    + . .        b - +0 scale mail
rPois   ∞            (no helmet)
rElec   +            (no cloak)
rCorr   .            (no gloves)
SInv    .            (no boots)
Will    .....        (no amulet) Stlth
                     (no ring)
HPRegen 0.29/turn    (no ring)
MPRegen 0.10/turn

%: no teleportation
@: on berserk cooldown, slowed, very slow
A: sickness immunity, AC +4, negative energy resistance 1, electricity
resistance, torment resistance 1, petrification resistance
a: no special abilities


You were in the Dungeon.
You visited 1 branch You collected 729 gold pieces.

Inventory:

Hand Weapons
 a - a +0 flail (weapon)
Armour
 b - a +0 scale mail (worn)
 c - a +0 buckler
Scrolls
 j - a scroll of blinking
Potions
 f - a potion of heal wounds
 g - a potion of haste
 h - 2 potions of magic


   Skills:
 - Level 11.4 Fighting
 + Level 9.0 Maces & Flails
 + Level 11.2 Armour
 * Level 1.9 Dodging
 - Level 3.2 Shields


You had 6 spell levels left.
You didn't know any spells.
Your spell library was empty.

Dungeon Overview and Level Annotations

Branches:
Dungeon (1/1)

Altars:

Shops:
D *=[*=?[!(([:?!

Annotations:
D exclusion: obsidian statue


Innate Abilities, Weirdness & Mutations

You are immune to sickness and miasma.
Your stone body is resilient. (AC +4)
You are immune to poison.
You resist negative energy. (rN+)
You are resistant to electric shocks. (rElec)
You are resistant to unholy torment.
You are immune to petrification.


Message History

You enter the shallow water.
Moving in this stuff is going to be slow.
Found Gotiek's Jewellery Shoppe and Imaadd's General Store.
Found Supuar's Antique Armour Shoppe and Fiag's Jewellery Emporium.
The walls and floor vibrate strangely for a moment.
The electric eel shoots out a bolt of lightning at you!
The bolt of electricity misses you.
The electric eel shoots out a bolt of lightning at you!
The bolt of electricity hits you. You resist.
The electric eel shoots out a bolt of lightning at you!
The bolt of electricity hits you. You resist.
The electric eel shoots out a bolt of lightning at you!
The bolt of electricity hits you. You resist.
Unknown command. 2 electric eels come into view.
The electric eel shoots out a bolt of lightning at you!
The bolt of electricity hits you. You resist.
The electric eel moves out of view.
You open the door.
A blink frog comes into view.
The blink frog croaks.
The blink frog hits you!
* * * LOW HITPOINT WARNING * * *
The electric eel shoots out a bolt of lightning at you!
The bolt of electricity hits you. You resist.
* * * LOW HITPOINT WARNING * * *
Found a whip.
The blink frog attacks as you move away!
The blink frog hits you but does no damage.
The blink frog blinks! x2
The electric eel shoots out a bolt of lightning at you!
The bolt of electricity hits you. You resist.
* * * LOW HITPOINT WARNING * * *
The electric eel shoots out a bolt of lightning at you!
The bolt of electricity hits you. You resist.
* * * LOW HITPOINT WARNING * * *
The blink frog blinks!
The electric eel shoots out a bolt of lightning at you!
The bolt of electricity hits you. You resist.
You die...

...∩.∩#~~~~.##'##..#
....∩.#~~~~##...##
.∩.∩..#~~~~#..#..#
∩.∩...#~~####.).## #
.∩....#~##.###'## .#
∩.∩...#~#..###.##l#
.∩.∩..+§§##††.<.+#
..∩.∩.#~#..###.##l#
▓▓▓▓###@##.# #+## .#
l######F~####.#.## #
##§~~#.##§§#
#'#~###.§##
#)#~~##'## ### ~~~~~
'§§#++ #≈SSS§≈
#≈§§≈§§


You could see a blink frog, a wyvern and 3 electric eels.

Vanquished Creatures
  A merfolk siren (D)
  Menkaure (D)
  2 water moccasins (D)
  4 scorpions (D)
  3 worms (D)
11 creatures vanquished.

Notes
Turn   | Place    | Note
-------+----------+-------------------------------------------
     0 | D        | dialectric the Gargoyle Fighter began the quest for the
                  | Orb.
     0 | D        | Reached XP level 1. HP: 14/14 MP: 1/1
     8 | D        | Noticed a scorpion
     8 | D        | Noticed a scorpion
    13 | D        | Killed a scorpion
    14 | D        | Reached XP level 2. HP: 13/23 MP: 2/2
    14 | D        | Reached XP level 3. HP: 16/28 MP: 3/3
    14 | D        | Reached XP level 4. HP: 19/32 MP: 4/4
    17 | D        | Killed a scorpion
    18 | D        | Reached XP level 5. HP: 21/38 MP: 5/5
    24 | D        | Reached skill level 5 in Maces & Flails
    26 | D        | Reached XP level 6. HP: 28/46 MP: 6/6
    29 | D        | Noticed a wyvern
    29 | D        | Noticed a wyvern
    32 | D        | Noticed a merfolk siren
    37 | D        | Killed a merfolk siren
    38 | D        | Reached skill level 10 in Armour
    38 | D        | Reached XP level 7. HP: 8/54 MP: 7/7
    42 | D        | Noticed an obsidian statue
    49 | D        | Found Pouff's Distillery.
    50 | D        | Found Zeyturr's Book Shoppe.
    51 | D        | Found Watoub's Magic Scroll Emporium.
    87 | D        | Noticed Menkaure
    98 | D        | Reached skill level 1 in Dodging
   100 | D        | Killed Menkaure
   113 | D        | Found Gethru's Magic Scroll Shoppe.
   113 | D        | Found Cokeujeh's Weapon Shoppe.
   113 | D        | Found Zizam's Antique Weapon Emporium.
   114 | D        | Found Uxkoas's Distillery.
   114 | D        | Found Idwoev's Antique Armour Emporium.
   114 | D        | Found Meamnusa's General Store.
   114 | D        | Found Nusul's Antique Armour Emporium.
   115 | D        | Found Gotiek's Jewellery Shoppe.
   115 | D        | Found Imaadd's General Store.
   115 | D        | Noticed a wyvern
   116 | D        | Found Supuar's Antique Armour Shoppe.
   116 | D        | Found Fiag's Jewellery Emporium.
   120 | D        | Noticed a blink frog
   121 | D        | HP: 2/54 [electric eel/bolt of electricity (3)]
   122 | D        | Killed from afar by an electric eel

Illustrated notes

Levels and vault maps discovered:
D:        the_violet_keep_of_menkaure [sprint2_stairs_cluster_1,
          sprint2_shoproom, sprint2_temple, sprint2_basic_supplies,
          sprint2_obstacle_7, sprint2_obstacle_4, sprint2_obstacle_3,
          sprint2_obstacle_1, sprint2_obstacle_2, sprint2_timed_cluster_1,
          sprint2_smallroom_cluster_1, sprint2_smallroom_final_cluster_1,
          sprint2_transparent_cluster_1, sprint2_second_timed_cluster_1,
          sprint2_sniper_area_1, sprint2_heavy_combat_area_1,
          sprint2_mutation_trap_area_1, sprint2_forest_area_1,
          sprint2_light_combat_area_1, sprint2_behind_water_1,
          sprint2_near_end_vault_1]

Skill      XL: |  1  2  3  4  5  6  7 |
---------------+----------------------+-----
Fighting       | 6 7 9 11 | 11.4
Maces & Flails | 3 4 6 7 9 |  9.0
Armour         | 6 7 8 10 11 | 11.2
Dodging        | 1 |  1.9
Shields        | |  3.2

Action                     |  1- 3 |  4- 6 |  7- 9 || total
---------------------------+-------+-------+-------++-------
  Melee: Flail             |     4 |    13 |    28 ||    45
    Use: Potion            |     1 |       |     2 ||     3
 Armour: Scale mail        |     1 |     5 |    12 ||    18
  Dodge: Dodged            |     2 |     5 |     8 ||    15

Table legend: (Time is in decaauts)
 A = Elapsed time spent in this place.
 B = Non-inter-level travel time spent in this place.
 C = Inter-level travel time spent in this place.
 D = Time resting spent in this place.
 E = Time spent auto-exploring this place.
 F = Levels seen in this place.
 G = Mean time per level.
                   A        B        C        D        E       F      G
               +--------+--------+--------+--------+--------+-----+--------+
         Total |    136 |    136 |      0 |      0 |      0 |   1 |  136.0 |
       Dungeon |    136 |    136 |      0 |      0 |      0 |   1 |  136.0 |
               +--------+--------+--------+--------+--------+-----+--------+

Top non-repeatable levels by time:
       D: 136 daAuts
